 Dungeon Crawl Stone Soup version 0.31-a0-4-gefa6de2 (webtiles) character file.

Game seed: 5968355013631265470

183 Blaizen the Cudgeller (level 5, -2/41 HPs)
             Began as a Draconian Berserker on May 4, 2023.
             Was a Believer of Trog.
             Slain by a goblin
             ... wielding a +0 club
              (4 damage)
             ... on level 4 of the Dungeon.
             The game lasted 00:09:53 (2335 turns).

Blaizen the Cudgeller (Draconian Berserker)         Turns: 2335, Time: 00:09:53

Health: -2/41      AC:  8    Str: 25    XL:     5   Next: 35%
Magic:  5/5        EV: 12    Int:  6    God:    Trog [**....]
Gold:   138        SH:  0    Dex: 10    Spells: 4/4 levels left

rFire   . . .        m - +2 whip (flame)
rCold   . . .        (no shield)
rNeg    . . .        (body armour unavailable)
rPois   .            (helmet restricted)
rElec   .            (no cloak)
rCorr   .            (no gloves)
SInv    .            c - +2 pair of boots
Will    .....        (no amulet)
Stlth   +            (no ring)
HPRegen 0.26/turn    (no ring)
MPRegen 0.09/turn

%: no passive effects
@: no status effects
A: AC +5, unfitting armour, cold-blooded, hooves 1, frail 1, strong 1
a: Renounce Religion, Berserk, Trog's Hand


You were on level 4 of the Dungeon.
You worshipped Trog.
Trog was pleased with you.
You visited 1 branch of the dungeon, and saw 4 of its levels.

You collected 138 gold pieces.

Inventory:

Hand Weapons
 a - a +0 mace
 m - a +2 whip of flaming (weapon)
Missiles
 v - a throwing net (quivered)
Armour
 b - a +0 leather armour
 c - a +2 pair of boots (worn)
Jewellery
 o - an amulet of reflection
 s - a ring of positive energy
Scrolls
 h - a scroll of blinking
 i - 3 scrolls of fog
 j - a scroll of teleportation
 l - a scroll of fear {unknown}
 q - a scroll of vulnerability {unknown}
 u - a scroll of silence {unknown}
Potions
 d - 2 potions of curing
 e - a potion of attraction {unknown}
 n - a potion of might {unknown}
 p - 2 potions of haste {unknown}
 r - 2 potions of heal wounds {unknown}
 t - 2 potions of lignification {unknown}
 w - a potion of brilliance


   Skills:
 + Level 4.3 Fighting
 + Level 4.4 Maces & Flails
 + Level 4.0 Dodging
 + Level 0.4 Stealth


You had 4 spell levels left.
You didn't know any spells.
Your spell library contained the following spells:

 Spells                   Type           Power      Damage    Failure   Level
 Magic Dart               Conj           0%         1d3       45%         1
 Call Imp                 Summ           0%         N/A       58%         2
 Mephitic Cloud           Conj/Pois/Air  0%         N/A       83%         3


Dungeon Overview and Level Annotations

Branches:
Dungeon (4/15)
 Temple: D:4-7

Altars:


Innate Abilities, Weirdness & Mutations

Your plain brown scales are hard. (AC +5)
You cannot fit into any form of body armour.
You are cold-blooded and may be slowed by cold attacks.
You have large cloven feet.
You are frail. (-10% HP)
Your muscles are strong. (Str +4, Int/Dex -1)


Message History

The gnoll moves out of view.
A goblin comes into view. It is wielding a +0 club.
The gnoll hits you with a +0 flail.
You barely miss the gnoll. The gnoll misses you. The gnoll barely misses you.
You hit the gnoll. You burn the gnoll.
The gnoll is heavily wounded.
The gnoll misses you. The gnoll hits you with a +0 flail.
You hit the gnoll. You burn the gnoll. You tail-slap the gnoll.
You kill the gnoll!
Trog accepts your kill.
The gnoll hits you from afar with a +0 spear. x2
The gnoll hits you with a +0 spear.
A gnoll comes into view. It is wielding a +0 club.
The gnoll misses you.
You see here a +0 flail.
You barely miss the gnoll. The gnoll hits you with a +0 spear. x2
The gnoll shouts!
You hit the gnoll. You burn the gnoll.
The gnoll is lightly wounded.
You hear a shout!
The gnoll hits you with a +0 spear. x2
You whack the gnoll! You burn the gnoll.
You kill the gnoll!
Trog accepts your kill. The goblin hits you but does no damage.
The gnoll hits you with a +0 spear.
* * * LOW HITPOINT WARNING * * *
Your Dodging skill increases to level 4!
The goblin closely misses you. The gnoll hits you with a +0 spear.
* * * LOW HITPOINT WARNING * * *
Things that are here:
a +0 spear; a gnoll corpse The gnoll attacks as you move away!
The gnoll closely misses you.
A gnoll comes into view. It is wielding a +0 spear.
The gnoll shouts!
The goblin hits you but does no damage.
The gnoll hits you from afar with a +0 spear!
* * * LOW HITPOINT WARNING * * *
A gnoll comes into view. It is wielding a +0 spear.
The goblin hits you with a +0 club.
You die...

#..## #.......#......
##...## #..............
.#....##.#..............
.........#.............g
......##..............g#
#......................#
.............#..........
............##..@...#
...#.........##g.#g..#
#...#..........))# ###
#...#.....##..#.g...>#
#...###.#########....#
##.# #.# ..### ## ###
.... ...## .###


You could see 4 gnolls and a goblin.

Vanquished Creatures
  2 orc priests (D:2)
  2 gnolls (D:4)
  5 adders
  A dart slug (D:3)
  4 orcs
  3 ball pythons
  3 endoplasms
  3 giant cockroaches
  4 goblins
  5 hobgoblins
  4 jackals (D:2)
  5 kobolds
  2 quokkas
  6 bats
  A frilled lizard (D:3)
  3 rats
53 creatures vanquished.

Notes
Turn   | Place    | Note
-------+----------+-------------------------------------------
     0 | D:1      | Blaizen the Draconian Berserker began the quest for the
                  | Orb.
     0 | D:1      | Reached XP level 1. HP: 19/19 MP: 1/1
   253 | D:1      | Reached XP level 2. HP: 23/26 MP: 2/2
   943 | D:2      | Reached XP level 3. HP: 31/31 MP: 3/3
  1112 | D:2      | Reached XP level 4. HP: 25/40 MP: 4/4
  1115 | D:2      | Reached ** piety under Trog
  1501 | D:2      | Found a faded altar of an unknown god.
  1604 | D:3      | Reached XP level 5. HP: 38/46 MP: 5/5
  2305 | D:3      | Gained mutation: Your muscles are strong. (Str +4, Int/Dex
                  | -1) [potion of mutation]
  2305 | D:3      | Gained mutation: You are frail. (-10% HP) [potion of
                  | mutation]
  2305 | D:3      | Gained mutation: You have large cloven feet. [potion of
                  | mutation]
  2334 | D:4      | HP: 1/41 [gnoll/+0 spear (7)]
  2335 | D:4      | Slain by a goblin

Illustrated notes

Levels and vault maps discovered:
D:1:      giann_horns, layout_loops_ring
D:2:      layout_loops_ring, ebering_ecumenical_altar_hall
D:3:      layout_loops_ring
D:4:      layout_cave_pools, uniq_blork_the_orc

Skill      XL: |  1  2  3  4  5 |
---------------+----------------+-----
Dodging        | 3 4 |  4.0
Maces & Flails | 4 |  4.4
Fighting       | 4 |  4.3
Stealth        | |  0.4

Action                     |  1- 3 |  4- 6 || total
---------------------------+-------+-------++-------
  Melee: Mace              |    94 |     4 ||    98
         Tailslap          |    11 |     4 ||    15
         Whip              |       |    70 ||    70
    Use: Scroll            |     2 |     5 ||     7
         Potion            |       |     1 ||     1
   Stab: Sleeping          |       |     2 ||     2
 Armour: Skin              |    66 |    20 ||    86
  Dodge: Dodged            |    56 |    49 ||   105

Table legend: (Time is in decaauts)
 A = Elapsed time spent in this place.
 B = Non-inter-level travel time spent in this place.
 C = Inter-level travel time spent in this place.
 D = Time resting spent in this place.
 E = Time spent auto-exploring this place.
 F = Levels seen in this place.
 G = Mean time per level.
                   A        B        C        D        E       F      G
               +--------+--------+--------+--------+--------+-----+--------+
         Total |   2350 |   2322 |     28 |     79 |   1144 |   4 |  587.5 |
       Dungeon |   2350 |   2322 |     28 |     79 |   1144 |   4 |  587.5 |
               +--------+--------+--------+--------+--------+-----+--------+

Top non-repeatable levels by time:
     D:1: 810 daAuts
     D:2: 759 daAuts
     D:3: 759 daAuts
     D:4: 21 daAuts
